Map: Neon Violet Square LE

Players

Schubidu

  • Race: Protoss Protoss
  • Spawn Location: 5:00

Dessa - Winner!

  • Race: Zerg Zerg
  • League: Diamond
  • Spawn Location: 11:00

VOD

Have the link to the VOD?

Description

Time

  • Played on: Dec. 14, 2017, 8:27 a.m.
  • Length: 15:41
Show
View Real Time Build Order
Export as new Build Order

Schubidu Protoss 

Build Orders: Nexus First, Zealot Archon 

Get SALT Encoding   

  12  0:01  Probe (Chrono Boost)  
  13  0:11  Probe (Chrono Boost)  
  14  0:17  Probe  
  15  0:46  Nexus  
  15  0:52  Pylon  
  15  1:10  Probe  
  16  1:13  Forge  
  16  1:19  Gateway  
  16  1:22  Probe  
  17  1:35  Pylon  
  17  1:39  Probe  
  18  1:54  Photon Cannon  
  18  1:56  Photon Cannon  
  18  2:07  Photon Cannon  
  18  2:16  Cybernetics Core  
  18  2:22  Pylon  
  18  2:28  Assimilator  
  18  2:31  Probe  
  18  2:33  Probe  
  20  2:43  Probe  
  21  2:45  Probe  
  21  3:10  Pylon  
  21  3:12  Probe (Chrono Boost), Assimilator  
  23  3:13  Probe (Chrono Boost)  
  23  3:16  Assimilator  
  25  3:22  Probe x2 (Chrono Boost), Assimilator  
  25  3:26  Probe x2  
  27  3:38  Probe x2, Warp Gate (Chrono Boost)  
  29  3:50  Probe x2, Protoss Ground Weapons Level 1 (Chrono Boost), Photon Cannon  
  31  4:02  Probe (Chrono Boost)  
  33  4:03  Probe (Chrono Boost)  
  33  4:07  Stalker  
  35  4:14  Probe (Chrono Boost)  
  35  4:16  Probe (Chrono Boost)  
  37  4:23  Probe x2 (Chrono Boost), Twilight Council  
  39  4:28  Probe x2  
  41  4:31  Gateway  
  41  4:36  Shield Battery  
  41  4:40  Probe x2  
  43  4:53  Probe x2  
  43  4:58  Pylon  
  43  4:59  Stalker  
  47  5:05  Probe x2, Pylon  
  49  5:17  Pylon  
  51  5:27  Gateway  
  49  5:28  Gateway  
  49  5:29  Gateway, Charge (Chrono Boost)  
  49  5:33  Gateway  
  49  5:40  Photon Cannon  
  49  5:46  Zealot x2  
  49  5:47  Protoss Ground Weapons Level 2 (Chrono Boost)  
  53  5:52  Templar Archives  
  53  5:57  Gateway  
  53  6:03  Gateway  
  53  6:06  Pylon  
  53  6:12  Gateway  
  53  6:13  Zealot  
  53  6:15  Zealot  
  57  6:21  Gateway  
  57  6:26  Gateway  
  57  6:35  Gateway  
  57  6:36  Gateway  
  57  6:40  Pylon  
  57  6:47  High Templar x2  
  61  6:58  Pylon  
  61  7:00  Archon  
  61  7:01  High Templar x4, Pylon  
  61  7:02  High Templar x2  
  61  7:05  Archon x2  
  61  7:06  Archon  
  73  7:15  Pylon  
  73  7:17  Pylon  
  73  7:19  Zealot x3  
  79  7:28  High Templar  
  81  7:43  High Templar x3  
  87  7:47  Zealot x7  
  87  7:49  Archon  
  87  7:50  Archon  
  77  8:38  Zealot x3  
  77  8:39  Zealot x4  
  77  8:40  Zealot x4  
  77  8:41  Zealot x2  
  73  8:58  Protoss Ground Weapons Level 3 (Chrono Boost)  
  73  8:59  High Templar  
  73  9:00  High Templar x3  
  73  9:02  Zealot x2  
  81  9:03  Zealot x2  
  81  9:04  Archon x2  
  81  9:09  Stalker  
  89  9:17  Stalker x2  
  93  9:26  Zealot x2  
  97  9:34  High Templar  
  97  9:37  High Templar  
  101  9:42  Archon  
  101  9:43  Zealot x2  
  101  9:44  Zealot  
  101  9:45  Zealot  
  109  10:04  Nexus  
  109  10:19  Zealot x3  
  109  10:20  Zealot  
  107  10:49  High Templar x5  
  117  10:52  Zealot x4  
  117  10:54  Archon  
  117  10:55  Archon  
  125  11:03  Pylon x2  
  125  11:12  Pylon  
  125  11:14  Pylon  
  125  11:18  Robotics Facility  
  125  11:27  Assimilator  
  125  11:30  Assimilator  
  111  11:44  Zealot x3  
  111  11:45  Zealot x4  
  87  12:04  High Templar x4  
  87  12:05  High Templar  
  87  12:06  Zealot  
  87  12:07  Zealot x3  
  105  12:09  Archon x2  
  105  12:15  Archon  
  105  12:17  Protoss Ground Armor Level 1 (Chrono Boost)  
  105  12:22  Probe  
  106  12:27  Probe  
  107  12:37  Zealot x3  
  107  12:38  Zealot x3  
  107  12:43  High Templar x2  
  123  12:46  Observer (Chrono Boost)  
  123  12:49  Archon  
  124  12:52  Zealot  
  124  12:54  Zealot  
  124  12:58  Observer  
  79  13:51  Zealot x3  
  79  13:52  Zealot x5  
  79  13:53  Zealot x3  
  79  13:54  Zealot  
  75  14:03  High Templar  
  75  14:14  High Templar x2  
  75  14:15  Nexus, High Templar  
  81  14:18  Archon  
  81  14:19  Archon  
  81  14:21  High Templar  
  81  14:22  High Templar  
  81  14:23  High Templar  
  87  14:24  High Templar  
  87  14:26  Archon  
  89  14:43  Cybernetics Core  
  89  14:45  Archon  
  89  14:47  Zealot x4  
  97  14:56  Pylon  
  97  15:02  High Templar x2  
  97  15:03  High Templar x2  
  97  15:05  Archon  
  105  15:07  Archon  
  105  15:15  Zealot x3  
  105  15:17  High Templar  
  105  15:18  High Templar  
  105  15:19  High Templar  
Show
View Real Time Build Order
Export as new Build Order

Dessa Zerg - Winner!

Build Orders: Hatch First, Lurkers 

Get SALT Encoding   

  12  0:01  Drone  
  13  0:13  Overlord  
  13  0:18  Drone  
  14  0:31  Drone x2  
  16  0:36  Drone  
  17  0:55  Hatchery  
  16  0:58  Drone  
  17  1:12  Spawning Pool  
  17  1:14  Drone  
  17  1:18  Extractor  
  16  1:21  Drone  
  16  1:24  Drone  
  18  1:31  Overlord  
  18  1:44  Drone  
  19  1:55  Drone  
  19  1:59  Queen  
  22  2:02  Zergling x2  
  23  2:14  Spine Crawler  
  22  2:16  Queen  
  22  2:18  Spine Crawler  
  23  2:23  Zergling x2  
  24  2:30  Zergling x4  
  24  2:32  Zergling x2  
  21  3:13  Drone x8  
  21  3:14  Drone  
  21  3:17  Queen  
  32  3:25  Metabolic Boost  
  32  3:28  Drone  
  32  3:29  Drone  
  34  3:49  Hatchery  
  33  3:57  Roach Warren  
  33  3:58  Drone  
  33  3:59  Drone  
  33  4:00  Evolution Chamber  
  33  4:02  Overlord  
  33  4:10  Drone  
  33  4:11  Drone  
  35  4:19  Drone  
  35  4:22  Drone, Extractor  
  35  4:23  Drone  
  36  4:24  Drone x2  
  36  4:27  Zerg Missile Weapons Level 1  
  36  4:31  Lair  
  38  4:33  Drone  
  38  4:34  Drone  
  40  4:43  Extractor  
  40  4:44  Extractor  
  38  4:47  Overlord  
  38  4:48  Overlord  
  38  4:49  Pneumatized Carapace  
  38  4:58  Drone x2  
  38  4:59  Drone  
  41  5:00  Overlord  
  41  5:05  Queen  
  43  5:12  Drone  
  43  5:13  Drone  
  45  5:14  Drone  
  45  5:15  Drone x2  
  45  5:16  Drone x2  
  45  5:17  Drone  
  51  5:24  Drone x2  
  51  5:27  Drone x3  
  57  5:28  Zergling x2  
  57  5:36  Roach x3  
  57  5:39  Glial Reconstitution  
  63  5:48  Extractor  
  63  5:49  Extractor  
  61  6:06  Drone x2  
  61  6:07  Overlord x3  
  61  6:09  Roach  
  65  6:20  Evolution Chamber  
  65  6:21  Zerg Ground Armor Level 1  
  65  6:23  Drone  
  65  6:28  Roach x6  
  65  6:29  Roach  
  65  6:30  Overlord  
  65  6:32  Overlord  
  79  6:33  Roach  
  79  6:34  Roach x2  
  85  6:48  Roach x4  
  85  6:53  Overlord  
  93  6:55  Roach x5  
  103  7:01  Zerg Missile Weapons Level 2  
  103  7:14  Spore Crawler  
  102  7:16  Spore Crawler  
  102  7:17  Spore Crawler  
  102  7:18  Drone  
  102  7:20  Drone  
  102  7:21  Drone  
  103  7:32  Overseer  
  103  7:35  Hatchery  
  102  7:39  Roach x5, Overlord  
  112  7:54  Overlord x3  
  112  7:56  Drone x2  
  114  8:11  Roach x3  
  114  8:12  Roach  
  122  8:14  Roach x6  
  122  8:15  Roach x2  
  115  8:31  Roach x3  
  115  8:32  Roach x5  
  103  8:44  Roach  
  103  8:45  Roach x5  
  103  8:47  Roach  
  93  9:01  Queen  
  95  9:05  Queen  
  95  9:06  Queen  
  95  9:08  Hydralisk Den  
  98  9:32  Drone x3  
  98  9:35  Zerg Ground Armor Level 2  
  98  9:37  Muscular Augments  
  98  9:38  Hydralisk x5  
  111  9:53  Drone  
  111  9:54  Drone x2  
  111  9:58  Hydralisk x4  
  111  9:59  Hydralisk  
  124  10:09  Roach x3  
  130  10:18  Hydralisk x2  
  130  10:20  Roach  
  136  10:31  Extractor  
  135  10:36  Extractor  
  135  10:42  Hydralisk  
  134  10:43  Roach  
  134  10:44  Overlord x3  
  138  10:57  Hatchery  
  138  11:02  Hatchery  
  136  11:06  Roach  
  136  11:07  Roach x3  
  144  11:18  Overlord x2  
  144  11:23  Infestation Pit  
  137  11:42  Hydralisk x2  
  137  11:43  Roach x3, Hydralisk  
  79  11:57  Roach x6  
  79  11:58  Roach x2  
  95  12:08  Overlord  
  95  12:18  Queen  
  97  12:28  Hydralisk x2  
  97  12:29  Hydralisk x4  
  109  12:47  Lurker Den  
  108  12:52  Drone x2  
  108  12:53  Drone x2  
  108  12:54  Drone  
  108  12:55  Drone x2  
  108  12:56  Drone  
  108  12:57  Drone x3  
  120  12:58  Drone x3  
  122  13:10  Roach, Hydralisk x2  
  122  13:11  Roach x2  
  132  13:20  Hydralisk  
  132  13:21  Roach x2, Hydralisk  
  132  13:25  Roach  
  128  13:42  Roach x3  
  120  13:48  Roach  
  120  13:49  Roach x7  
  120  14:08  Hive  
  120  14:19  Hatchery  
  120  14:23  Queen  
  121  14:29  Roach  
  121  14:30  Roach x11  
  145  14:42  Lurker x5  
  145  14:43  Lurker x3  
  153  14:50  Roach x3  
  153  14:51  Roach x2  
Tags
 
Add a new tag
Caveats
  • Supply blocks, unpowered buildings, or Contaminate may cause inaccurate times.
  • Supply counts are checked every 10 seconds.